 Dungeon Crawl Stone Soup version 0.28.0 (webtiles) character file.

Game seed: 6060793152460532574

49 Tirrikindir the Skirmisher (level 3, 26/26 HPs)
             Began as an Octopode Fighter on Feb 5, 2022.
             Was a Follower of Fedhas.
             Got out of the dungeon alive.
             The game lasted 00:02:44 (1362 turns).

Tirrikindir the Skirmisher (Octopode Fighter)       Turns: 1362, Time: 00:02:44

Health: 26/26      AC:  1    Str: 15    XL:     3   Next: 75%
Magic:  3/3        EV: 13    Int: 10    God:    Fedhas [*.....]
Gold:   0          SH:  4    Dex: 13    Spells: 2/2 levels left

rFire   . . .      SeeInvis .   a - +0 long sword
rCold   . . .      Faith    .   b - +0 buckler
rNeg    . . .      Spirit   .   (helmet restricted)
rPois   .          Reflect  .   (no amulet)
rElec   .          Harm     .   (no ring)
rCorr   .          Rampage  .   (no ring)
Will    .....                   (no ring)
Stlth   +++.......              (no ring)
HPRegen 0.08/turn               (no ring)
MPRegen 0.08/turn               (no ring)
                                (no ring)
                                (no ring)

@: no status effects
A: almost no armour, amphibious, 8 rings, camouflage 1, gelatinous body 1,
(nimble swimmer 1), tentacles
a: Renounce Religion


You escaped.
You worshipped Fedhas.
Fedhas was aware of your devotion.
You visited 1 branch of the dungeon, and saw 2 of its levels.

Inventory:

Hand Weapons
 a - a +0 long sword (weapon)
Armour
 b - a +0 buckler (worn)
Scrolls
 d - a scroll of fog {unknown}
 f - a scroll of silence {unknown}
Potions
 c - a potion of might
 e - 3 potions of haste


   Skills:
 + Level 3.3 Fighting
 * Level 2.7 Long Blades
 + Level 3.3 Dodging
 + Level 1.7 Stealth
 + Level 3.2 Shields


You had 2 spell levels left.
You didn't know any spells.
Your spell library contained the following spells:

 Spells                   Type           Power      Damage    Failure   Level
 Magic Dart               Conj           0%         1d3       45%         1
 Call Imp                 Summ           0%         N/A       58%         2
 Mephitic Cloud           Conj/Pois/Air  0%         N/A       83%         3


Dungeon Overview and Level Annotations

Branches:
Dungeon (2/15)

Altars:
Fedhas

Shops:
D:1 ?


Innate Abilities, Weirdness & Mutations

You cannot wear most types of armour.
You are amphibious.
You can wear up to eight rings at the same time.
Your skin changes colour to match your surroundings (Stealth+).
Your rubbery body absorbs attacks. (AC +1, EV +1)
((You are camouflaged when in or above water. (Stealth+)))
You have tentacles for arms and can constrict up to eight enemies at once.


Message History

You kill the hobgoblin!
The bat hits you but does no damage.
You barely miss the bat. You grab the bat. You constrict the bat.
You kill the bat!
Found a faded altar of an unknown god.
You pick up a book of Minor Magic and begin reading...
You add the spells Magic Dart, Call Imp and Mephitic Cloud to your library.
e - 3 potions of haste (gained 2)
f - a scroll labelled BIUXID TYAWEDD
There is a faded altar of an unknown god here.
You cannot tell which god this altar belongs to.
Convert to them anyway?
Fedhas accepts your prayer! Fedhas welcomes you!
The plants of the dungeon cease their hostilities.
Okay, then.
(D) Dungeon
Where to? (Enter - D:2, ? - help)
What level of the Dungeon? (default 1, ? - help)
A worm comes into view.
You slash the worm! You grab the worm.
The worm is severely wounded.
You constrict the worm. You block the worm's attack.
You hit the worm. You squeeze the worm, but do no damage.
The worm is almost dead.
You constrict the worm. You block the worm's attack.
You hit the worm but do no damage. You squeeze the worm.
The worm is almost dead.
You constrict the worm.
You kill the worm!
Fedhas appreciates your contribution to the ecosystem.
(D) Dungeon
Where to? (Enter - D:1 @ (x,y), ? - help)
There is a stone staircase leading up here.
You climb upwards.
There is a stone staircase leading down here.
There is a stone staircase leading down here.
There is a staircase leading out of the dungeon here.
You can't go down here!
Are you sure you want to leave the Dungeon?
This will make you lose the game!
You have escaped!

####.##....## #.##.## ##.#....♣8
.....#......# #.###.# #.##...###
..##..#.####################.####
#.#####......................#...
#.#####.######......######...####
......#......................# #
÷.....#.##..##......##..##...# #
#)#####......................# #
#.##############@>############ #
..........#............# #
#.########......########## # ..#
#.......#≈# ###..#### # ###
#.###.###≈###≈≈.....# #
#.###..≈≈≈#.≈≈.####.# ###
#....≈≈..#.≈≈.#.# #.# ..#
##.##..≈≈.####..####.### #.#
#..##...≈≈≈###.###.....###


There were no monsters in sight!

Vanquished Creatures
  An adder (D:2)
  A worm (D:2)
  A dart slug (D:1)
  2 endoplasms (D:1)
  2 giant cockroaches
  2 goblins
  5 hobgoblins
  3 kobolds
  4 quokkas
  A ball python (D:1)
  4 bats
  6 frilled lizards
  A rat (D:1)
33 creatures vanquished.

Notes
Turn   | Place    | Note
-------+----------+-------------------------------------------
     0 | D:1      | Tirrikindir the Octopode Fighter began the quest for the
                  | Orb.
     0 | D:1      | Reached XP level 1. HP: 16/16 MP: 1/1
   129 | D:1      | Reached XP level 2. HP: 8/21 MP: 2/2
   685 | D:1      | Reached skill level 1 in Stealth
   967 | D:1      | Reached XP level 3. HP: 26/26 MP: 3/3
  1062 | D:1      | Found Jasiu's Magic Scroll Boutique.
  1276 | D:2      | Found a faded altar of an unknown god.
  1297 | D:2      | Prayed at the altar of an unknown god.
  1297 | D:2      | Became a worshipper of Fedhas Madash
  1297 | D:2      | Reached * piety under Fedhas
  1362 | D:$      | Got out of the dungeon alive.

Illustrated notes

Levels and vault maps discovered:
D:1:      dpeg_arrival_line_fractal, layout_loops_ring, serial_shops, shop,
          serial_rivers, chequers_serial_rivers_small_b,
          chequers_serial_rivers_small_b, chequers_serial_rivers_micro_b,
          chequers_serial_rivers_small_3, kennysheep_decorative_pillar
D:2:      layout_basic, basic_ecumenical_altar, basic_altar,
          kennysheep_generic_room_3

Skill      XL: |  1  2 |
---------------+-------+-----
Stealth        | 1 |  1.7
Fighting       | |  3.3
Long Blades    | |  2.7
Dodging        | |  3.3
Shields        | |  3.2

Action                   || total
-------------------------++-------
Melee: Long sword        ||    58
       Constrict         ||    15
       Tentacles         ||    10
  Use: Scroll            ||     2
 Stab: Sleeping          ||    11
Armor: Skin              ||     4
Dodge: Dodged            ||    35
Block: Buckler           ||     7
